 Dungeon Crawl Stone Soup version 0.21-a0-185-g3a6ed1e (webtiles) character file.

33 namelastname112 the Gusty (level 3, -2/29 HPs)
             Began as a Draconian Wanderer on Aug 12, 2017.
             Slain by a worm (10 damage)
             ... on level 2 of the Dungeon.
             The game lasted 00:01:23 (1018 turns).

namelastname112 the Gusty (Draconian Wanderer)      Turns: 1018, Time: 00:01:24

Health: -2/29      AC:  5    Str: 15    XL:     3   Next: 12%
Magic:  5/5        EV: 11    Int: 10    God:
Gold:   112        SH:  0    Dex: 12    Spells: 4/4 levels left

rFire    . . .     SeeInvis .   a - +2 dagger
rCold    . . .     Gourm    .   (no shield)
rNeg     . . .     Faith    .   (armour unavailable)
rPois    .         Spirit   .   (helmet restricted)
rElec    .         Reflect  .   (no cloak)
rCorr    .         Harm     +   (no gloves)
MR       .....                  (no boots)
Stlth    ++........             j - amulet of harm
HPRegen  0.09/turn              (no ring)
MPRegen  0.09/turn              (no ring)

@: no status effects
A: unfitting armour, cold-blooded, AC +5
a: no special abilities


You were on level 2 of the Dungeon.
You were not hungry.

You visited 1 branch of the dungeon, and saw 2 of its levels.

You collected 112 gold pieces.

Inventory:

Hand Weapons
 a - a +2 dagger (weapon)
Jewellery
 j - an amulet of harm (around neck)
 n - a +6 amulet of reflection {unknown}
Scrolls
 b - a scroll of fear
 d - 2 scrolls of identify {unknown}
 g - a scroll of enchant armour {unknown}
 h - a scroll of teleportation {unknown}
 k - a scroll of amnesia {unknown}
 l - a scroll of recharging {unknown}
Potions
 e - 6 potions of curing {unknown}
 i - a potion of invisibility {unknown}
Comestibles
 c - 2 royal jellies
 f - 2 bread rations
 m - a meat ration


   Skills:
 + Level 2.1 Fighting
   Level 2.0 Axes
 + Level 0.6 Dodging
 + Level 2.0 Stealth
 + Level 1.3 Spellcasting
   Level 4.0 Air Magic
   Level 1.0 Evocations


You had 4 spell levels left.
You didn't know any spells.

Dungeon Overview and Level Annotations

Branches:
Dungeon (2/15)

Altars:
Cheibriados


Innate Abilities, Weirdness & Mutations

Your plain brown scales are hard. (AC +5)
You cannot fit into any form of body armour.
You are cold-blooded and may be slowed by cold attacks.


Message History

The worm is heavily wounded.
You hit the worm.
The worm is almost dead.
The worm bites you!
* * * LOW HITPOINT WARNING * * *
You are too injured to fight recklessly!
You are too injured to fight recklessly!
You are too injured to fight recklessly!
You take 9 damage, and have 8/29 hp.
MASSIVE DAMAGE!!
You are too injured to fight recklessly!
You are too injured to fight recklessly!
You are too injured to fight recklessly!
You are too injured to fight recklessly!
You are too injured to fight recklessly!
You are too injured to fight recklessly!
A worm is nearby!
You hit the worm.
The worm is almost dead.
The worm bites you!
You die...

...# #.....# ...#
#.....##.# ...#
#.....##.# ...#
+......#.# ...#
..##......#.# ...#
........#.#.# .#
...#.#..####.#.#.# .###
...#.........#.#w# ...
...#.#..####.#.#@##.#####
...............#.#.......
..##+##..###.###........$
.......#+###.###.........
...............#.........
...............#.........
####.##........#.####....
# .##..........# .... #
.##........### ...


You could see a worm.

Vanquished Creatures
  2 dart slugs
  A leopard gecko (D:2)
  3 bats (D:1)
  5 giant cockroaches
  2 goblins (D:1)
  3 hobgoblins
  5 kobolds (D:2)
  2 frilled lizards
  2 rats
25 creatures vanquished.

Notes
Turn   | Place    | Note
-------+----------+-------------------------------------------
     0 | D:1      | namelastname112 the Draconian Wanderer began the quest for the Orb.
     0 | D:1      | namelastname112 set off with: a +2 dagger, a scroll of fear, a +0 shortbow, 20 arrows, a +0 hand axe, a bread ration
     0 | D:1      | Reached XP level 1. HP: 16/16 MP: 2/2
   299 | D:1      | Reached XP level 2. HP: 22/23 MP: 4/4
   713 | D:2      | Found a snail-covered altar of Cheibriados.
   936 | D:2      | Reached XP level 3. HP: 18/29 MP: 5/5
  1018 | D:2      | Slain by a worm

Vault maps used:
D:1:      dpeg_chamrin_arrival_tetris
D:2:      cheibriados_altar_1

Skill      XL: |  1  2 |
---------------+-------+-----
Stealth        | 2 |  2.0
Fighting       | 2 |  2.1
Axes           | |  2.0
Dodging        | |  0.6
Spellcasting   | |  1.3
Air Magic      | |  4.0
Evocations     | |  1.0

Action                   || total
-------------------------++-------
Melee: Dagger            ||    91
       Tailslap          ||     7
 Stab: Sleeping          ||     4
Armor: Skin              ||    21
Dodge: Dodged            ||    44
